 Dungeon Crawl Stone Soup version 0.29-a0-103-g37f86683bf (webtiles) character file.

Game seed: 7598322468615560507

272 kae the Ruffian (level 6, -4/48 HPs)
             Began as a Draconian Transmuter on Feb 15, 2022.
             Slain by a black bear (6 damage)
             ... on level 4 of the Dungeon.
             The game lasted 00:01:20 (3199 turns).

kae the Ruffian (Draconian Transmuter)              Turns: 3199, Time: 00:01:21

Health: -4/48      AC:  2    Str: 13    XL:     6   Next: 2%
Magic:  5/9        EV: 19    Int: 15    God:
Gold:   88         SH:  0    Dex: 16    Spells: 2/10 levels left

rFire   . . .      SeeInvis .     - Unarmed
rCold   . . .      Faith    .   (shield currently unavailable)
rNeg    . . .      Spirit   .   (armour unavailable)
rPois   x          Reflect  .   (helmet currently unavailable)
rElec   .          Harm     .   (cloak currently unavailable)
rCorr   .          Rampage  .   (gloves currently unavailable)
Will    .....                   (boots currently unavailable)
Stlth   +.........              (no amulet)
HPRegen 0.16/turn               (no ring)
MPRegen 0.11/turn               (no ring)

@: spider-form
A: venomous fangs, AC +6, tiny, unfitting armour, (cold-blooded)
a: End Transformation


You were on level 4 of the Dungeon.
You were a venomous arachnid creature.
You visited 1 branch of the dungeon, and saw 5 of its levels.

You collected 88 gold pieces.

Inventory:

Wands
 h - a wand of acid (13)
Scrolls
 c - a scroll of amnesia
 i - a scroll of enchant weapon {unknown}
 k - a scroll of enchant armour {unknown}
Potions
 a - a potion of brilliance {unknown}
 b - a potion of lignification {unknown}
 d - a potion of haste
 e - 3 potions of might {unknown}
 f - a potion of curing {unknown}
 g - a potion of degeneration {unknown}
 j - a potion of attraction {unknown}


   Skills:
 + Level 2.2 Fighting
 + Level 2.5 Dodging
 * Level 4.1 Unarmed Combat
 + Level 2.5 Spellcasting
 * Level 3.4 Transmutations
 * Level 1.1 Ice Magic
 * Level 1.9 Poison Magic


You had 2 spell levels left.
You knew the following spells:

 Your Spells              Type           Power      Damage    Failure   Level
a - Beastly Appendage     Tmut           24%        N/A       14%         1
b - Spider Form           Tmut/Pois      10%        N/A       41%         3
c - Ice Form              Ice/Tmut       8%         N/A       82%         4

Your spell library contained the following spells:

 Spells                   Type           Power      Damage    Failure   Level
 Wereblood                Tmut           12%        N/A       21%         2
 Gell's Gravitas          Tloc           1%         N/A       75%         3
 Teleport Other           Tloc           1%         N/A       75%         3
 Dispersal                Tloc           0%         N/A       100%        6


Dungeon Overview and Level Annotations

Branches:
Dungeon (5/15)
 Temple: D:4-7

Altars:

Annotations:
D:5 1 runed translucent door, ma3's ghost, novice TrCK


Innate Abilities, Weirdness & Mutations

You are a venomous arachnid creature.
You have poisonous fangs.
You are tiny and dextrous.
Your spellcasting is less reliable in this form.
Your armour is entirely melded.
You are incapable of wielding weapons or throwing items.
((Your plain brown scales are hard. (AC +6)))
You cannot fit into any form of body armour.
((You are cold-blooded and may be slowed by cold attacks.))


Message History

You kill the adder!
The black bear bites you! The black bear misses you.
The black bear closely misses you.
You have reached level 6!
Your scales feel tougher.
You see here an adder corpse.
Casting: Beastly Appendage (safe; 4% risk of failure)
Confirm with . or Enter, or press ? or * to list all spells.
Your horns disappear.
Your talons disappear.
You turn into a venomous arachnid creature.
The black bear bites you. The black bear claws you.
The black bear completely misses you. The black bear completely misses you.
The black bear claws you. The black bear barely misses you.
A black bear is nearby!
You hit the black bear.
The black bear is lightly wounded.
The black bear bites you.
* * * LOW HITPOINT WARNING * * *
The black bear misses you. x2
You hit the black bear.
The black bear is poisoned.
The black bear is moderately wounded.
The black bear barely misses you. The black bear claws you.
* * * LOW HITPOINT WARNING * * *
The black bear claws you.
* * * LOW HITPOINT WARNING * * *
You hit the black bear.
The black bear looks as sick as possible!
The black bear is heavily wounded.
You hit the black bear.
The black bear is severely wounded.
The black bear goes berserk!
You hit the black bear.
The black bear is almost dead.
The black bear bites you.
* * * LOW HITPOINT WARNING * * *
The black bear misses you. The black bear claws you.
* * * LOW HITPOINT WARNING * * *
The black bear bites you.
You die...

# #. # #.###
.. <..# #.
#.####.# ..
#.hs...#
#.###.######
#.....#
####.## #.#
#.# #.# #.#
#.#


You could see a black bear (berserk, extremely poisoned).

Vanquished Creatures
  An ogre (D:2)
  A scorpion (D:5)
  A bullfrog zombie (D:5)
  A hound (D:4)
  An adder (D:4)
  2 worms (D:2)
  A dart slug (D:2)
  3 ball pythons
  5 endoplasms
  2 giant cockroaches (D:2)
  2 goblins (D:1)
  6 hobgoblins
  3 jackals (D:2)
  4 kobolds (D:2)
  2 quokkas
  4 bats
  3 frilled lizards
  7 rats
49 creatures vanquished.

Notes
Turn   | Place    | Note
-------+----------+-------------------------------------------
     0 | D:1      | kae the Draconian Transmuter began the quest for the Orb.
     0 | D:1      | Reached XP level 1. HP: 16/16 MP: 3/3
   343 | D:1      | Reached XP level 2. HP: 23/23 MP: 5/5
   750 | D:1      | Found a faded altar of an unknown god.
  1517 | D:2      | Reached XP level 3. HP: 14/28 MP: 4/6
  1807 | D:2      | Learned a level 3 spell: Spider Form
  2258 | D:2      | Noticed an ogre
  2263 | D:2      | Killed an ogre
  2264 | D:2      | Reached skill level 1 in Poison Magic
  2264 | D:2      | Reached XP level 4. HP: 36/36 MP: 3/7
  2264 | D:2      | Reached XP level 5. HP: 41/41 MP: 3/8
  2322 | D:2      | Learned a level 4 spell: Ice Form
  2598 | D:3      | You fall into a shaft and drop 2 floors!
  2598 | D:5      | Entered Level 5 of the Dungeon
  2661 | D:5      | Reached skill level 4 in Unarmed Combat
  3000 | D:5      | Found a runed translucent door.
  3003 | D:5      | Noticed ma3's ghost (novice TrCK)
  3018 | D:5      | Noticed a phantom
  3040 | D:4      | Reached skill level 1 in Ice Magic
  3186 | D:4      | Noticed a black bear
  3192 | D:4      | Reached XP level 6. HP: 30/48 MP: 7/9
  3199 | D:4      | HP: 2/48 [black bear (1)]
  3199 | D:4      | Slain by a black bear

Illustrated notes

Levels and vault maps discovered:
D:1:      sevenhm_arrival_forest_fort_small_6, layout_basic,
          ebering_ecumenical_altar_hall
D:2:      layout_rooms
D:3:      layout_loops_corners, uniq_natasha
D:4:      minmay_chambers_of_threes, layout_loops_ring,
          nicolae_dithmenos_the_darkroom, minmay_temple_entry_grid,
          serial_shops, kennysheep_mini_moat, hangedman_decor_riveting
D:5:      layout_basic, hellmonk_ghost_happy_afterlife

Skill      XL: |  1  2  3  4  5 |
---------------+----------------+-----
Dodging        | 2 |  2.5
Fighting       | 2 |  2.2
Transmutations | 3 |  3.4
Poison Magic   | 1 |  1.9
Unarmed Combat | 4 |  4.1
Ice Magic      | 1 |  1.1
Spellcasting   | |  2.5

Action                   |  1- 3 |  4- 6 || total
-------------------------+-------+-------++-------
Melee: Unarmed           |   106 |    29 ||   135
       Kick              |    16 |     3 ||    19
       Tailslap          |     7 |     3 ||    10
       Headbutt          |    12 |     9 ||    21
       Punch             |     1 |       ||     1
 Cast: Beastly Appendage |    29 |     8 ||    37
       Spider Form       |     1 |     1 ||     2
  Use: Scroll            |     4 |     1 ||     5
 Stab: Sleeping          |     1 |     1 ||     2
Armor: Skin              |    38 |    10 ||    48
Dodge: Dodged            |    81 |    30 ||   111

Table legend: (Time is in decaauts)
 A = Elapsed time spent in this place.
 B = Non-inter-level travel time spent in this place.
 C = Inter-level travel time spent in this place.
 D = Time resting spent in this place.
 E = Time spent auto-exploring this place.
 F = Levels seen in this place.
 G = Mean time per level.
                   A        B        C        D        E       F      G
               +--------+--------+--------+--------+--------+-----+--------+
         Total |   3188 |   3141 |     47 |    493 |   2231 |   5 |  637.6 |
       Dungeon |   3188 |   3141 |     47 |    493 |   2231 |   5 |  637.6 |
               +--------+--------+--------+--------+--------+-----+--------+

Top non-repeatable levels by time:
     D:1: 1324 daAuts
     D:2: 1144 daAuts
     D:5: 436 daAuts
     D:4: 162 daAuts
     D:3: 120 daAuts
